 Dungeon Crawl Stone Soup version 0.18.1-8-gdd0e5ea (webtiles) character file.

17 jacquesderrida the Charmwright (level 2, 6/23 HPs)
             Began as a Demonspawn Skald on May 28, 2016.
             Quit the game on level 1 of the Dungeon.
             The game lasted 00:00:24 (351 turns).

jacquesderrida the Charmwright (Demonspawn Skald)    Turns: 351, Time: 00:00:25

Health: 6/23       AC:  3    Str: 12    XL:     2   Next: 44%
Magic:  0/5        EV: 13    Int: 13    God:
Gold:   14         SH:  0    Dex: 12    Spells: 1 memorised, 4 levels left

rFire  . . .     SeeInvis .     a - +0 spear
rCold  . . .     Gourm    .     b - +0 leather armour
rNeg   . . .     Faith    .     (no shield)
rPois  .         Spirit   .     (no helmet)
rElec  .         Dismiss  .     (no cloak)
rCorr  .         Reflect  .     (no gloves)
SustAt .         Harm     .     (no boots)
MR     .....                    (no amulet)
Stlth  +.........               (no ring)
                                (no ring)

@: infused, not resistant to hostile enchantments, very unstealthy
A: repulsion field 1
a: no special abilities


You were on level 1 of the Dungeon.
You were not hungry.

You visited 1 branch of the dungeon, and saw 1 of its levels.

You collected 14 gold pieces.

Inventory:

Hand Weapons
 a - a +0 spear (weapon)
Armour
 b - a +0 leather armour (worn)
Scrolls
 f - a scroll of teleportation {unknown}
 g - a scroll of enchant weapon {unknown}
 h - 2 scrolls of remove curse {unknown}
Potions
 e - a potion of degeneration {unknown}
 i - a potion of brilliance {unknown}
Books
 c - a book of Battle

   Spells                             Type                      Level
   a - Infusion                       Charms                       1
   b - Shroud of Golubria             Charms/Translocation         2
   c - Song of Slaying                Charms                       2
   d - Spectral Weapon                Hexes/Charms                 3
   e - Regeneration                   Charms/Necromancy            3
Comestibles
 d - a bread ration


   Skills:
 + Level 2.4 Fighting
 + Level 1.9 Polearms
 + Level 1.0 Armour
 + Level 1.0 Dodging
 + Level 2.0 Spellcasting
 + Level 3.0 Charms


You had 4 spell levels left.
You knew the following spells:

 Your Spells              Type           Power        Failure   Level  Hunger
a - Infusion              Chrm           #...         12%         1    ##.....


Dungeon Overview and Level Annotations

Branches:
Dungeon (1/15)

Altars:


Innate Abilities, Weirdness & Mutations

You are surrounded by a mild repulsion field (EV +2).


Message History

You reach to attack!
You hit the gnoll.
The gnoll is severely wounded.
The gnoll hits you from afar with a spear.
* * * LOW HITPOINT WARNING * * *
You are too injured to fight recklessly!
You are too injured to fight recklessly!
Attack whom?
Press: ? - help, Dir - move target cursor, f/p - gnoll
Aim: a gnoll, wielding a spear (severely wounded)
You reach to attack!
You hit the gnoll.
You kill the gnoll!
Your Armour skill increases to level 1!
Your Charms skill increases to level 3!
You have reached level 2!
Your demonic ancestry asserts itself...
You begin to radiate repulsive energy.
Attack whom?
Press: ? - help, Dir - move target cursor, f - you That would be overly suicidal.
Okay, then.
Are you sure you want to abandon this character and quit the game? (Confirm with "yes".)

#..###..##.##.....)#.
##.##
##............#. #.##
##.######.####. ##.##
#.## #.# #. ##.###.#
#.# #. ##.#.# ##'##
#. ##.# ##...###.
#.## ##.....### #@.#
#......(## #...#
#.........#
.).....+.........'
).....#############
#......# #......#
#......# #......#


There were no monsters in sight!

Vanquished Creatures
  A gnoll (D:1)
  A bat (D:1)
  A goblin (D:1)
  A hobgoblin (D:1)
  A kobold (D:1)
  2 giant newts (D:1)
  A rat (D:1)
8 creatures vanquished.

Notes
Turn   | Place    | Note
--------------------------------------------------------------
     0 | D:1      | jacquesderrida the Demonspawn Skald began the quest for the Orb.
     0 | D:1      | Reached XP level 1. HP: 16/16 MP: 3/3
   235 | D:1      | Reached skill level 1 in Dodging
   350 | D:1      | Reached skill level 1 in Armour
   350 | D:1      | Reached skill level 3 in Charms
   350 | D:1      | Gained mutation: You are surrounded by a mild repulsion field (EV +2). [demonic ancestry]
   350 | D:1      | Reached XP level 2. HP: 6/23 MP: 0/5
   351 | D:1      | Quit the game

Skill      XL: |  1 |
---------------+----+-----
Dodging        | 1 |  1.0
Armour         | 1 |  1.0
Charms         | 3 |  3.0
Fighting       | |  2.4
Polearms       | |  1.9
Spellcasting   | |  2.0

Action                   || total
-------------------------++-------
Melee: Spear             ||    38
 Cast: Infusion          ||     1
Armor: Leather armour    ||     8
Dodge: Dodged            ||    17
